 Seeded DCSS version 0.29.1-12-g30fa7ad0bf (webtiles) character file.

Game seed: 9845822215292249863 (custom seed)

0 hikkokomori the Conjurer (level 1, -1/11 HPs)
             Began as an Octopode Conjurer on Jan 7, 2023.
             Slain by a gnoll
             ... wielding a +0 club
              (2 damage)
             ... on level 1 of the Dungeon.
             The game lasted 00:00:18 (73 turns).

hikkokomori the Conjurer (Octopode Conjurer)          Turns: 73, Time: 00:00:19

Health: -1/11      AC:  1    Str:  6    XL:     1   Next: 10%
Magic:  0/3        EV: 13    Int: 20    God:
Gold:   0          SH:  0    Dex: 10    Spells: 3/4 levels left

rFire   . . .      SeeInvis .   (no weapon)
rCold   . . .      Faith    .   (no shield)
rNeg    . . .      Spirit   .   (helmet restricted)
rPois   .          Reflect  .   (no amulet)
rElec   .          Harm     .   (no ring)
rCorr   .          Rampage  .   (no ring)
Will    .....                   (no ring)
Stlth   +++.......              (no ring)
HPRegen 0.03/turn               (no ring)
MPRegen 0.08/turn               (no ring)
                                (no ring)
                                (no ring)

@: no status effects
A: almost no armour, amphibious, 8 rings, camouflage 1, gelatinous body 1,
(nimble swimmer 1), tentacles
a: no special abilities


You were on level 1 of the Dungeon.
You visited 1 branch of the dungeon, and saw 1 of its levels.

Inventory:

Scrolls
 b - a scroll of teleportation {unknown}
 c - a scroll of identify {unknown}
Potions
 a - a potion of magic


   Skills:
 + Level 2.0 Dodging
 + Level 2.7 Stealth
 + Level 2.0 Spellcasting
 + Level 4.0 Conjurations


You had 3 spell levels left.
You knew the following spells:

 Your Spells              Type           Power      Damage    Failure   Level
a - Magic Dart            Conj           72%        1d6       3%          1

Your spell library contained the following spells:

 Spells                   Type           Power      Damage    Failure   Level
 Searing Ray              Conj           36%        2d5       4%          2
 Dazzling Flash           Conj/Hex       20%        N/A       21%         3
 Fulminant Prism          Conj/Hex       5%         3d7       56%         4
 Iskenderun's Mystic Bla  Conj/Tloc      10%        2d4       56%         4


Dungeon Overview and Level Annotations

Branches:
Dungeon (1/15)

Altars:


Innate Abilities, Weirdness & Mutations

You cannot wear most types of armour.
You are amphibious.
You can wear up to eight rings at the same time.
Your skin changes colour to match your surroundings (Stealth+).
Your rubbery body absorbs attacks. (AC +1, EV +1)
((You are camouflaged when in or above water. (Stealth+)))
You have tentacles for arms and can constrict up to eight enemies at once.


Message History

You see here a bat corpse.
A gnoll comes into view. It is wielding a +0 club.
A gnoll is nearby!
The magic dart hits the gnoll.
The gnoll is lightly wounded.
The gnoll shouts!
A goblin comes into view. It is wielding a +0 dagger.
You see here a bat corpse.
The magic dart hits the gnoll.
The gnoll is moderately wounded.
The magic dart hits the gnoll.
The gnoll is heavily wounded.
The magic dart hits the gnoll but does no damage.
The gnoll is heavily wounded.
You are out of magic!
You are out of magic!
The gnoll hits you with a +0 club.
You barely miss the gnoll. You grab the gnoll.
The gnoll is heavily wounded.
You constrict the gnoll, but do no damage.
The gnoll hits you with a +0 club.
You are too injured to fight recklessly!
You are too injured to fight recklessly!
You are too injured to fight recklessly!
You tentacle-slap the gnoll. You squeeze the gnoll.
The gnoll is severely wounded.
You constrict the gnoll, but do no damage.
The gnoll closely misses you.
You tentacle-slap the gnoll but do no damage.
The gnoll is severely wounded.
You constrict the gnoll. The gnoll misses you.
You tentacle-slap the gnoll but do no damage.
The gnoll is severely wounded.
You constrict the gnoll, but do no damage.
The gnoll hits you with a +0 club.
* * * LOW HITPOINT WARNING * * *
You tentacle-slap the gnoll but do no damage.
The gnoll is severely wounded.
You constrict the gnoll. The gnoll hits you with a +0 club.
You die...

#.## ##†...#
#######..####..##.#
..................#
≈~P...P≈≈~≈~~~≈P..#
≈≈~...~≈≈~~~~≈~~..#
≈≈~...~~≈~~~~≈≈~..#
≈~.....~~~~~≈~~P..#
.)..<..........g.##
~~.....~~~~~~~≈P@#
~≈~...~~~~~~~≈≈≈.#
≈≈~...~~≈~~~~≈≈~.#
~≈P...P~~~~~~~~P.#
.................#
#..#######..######
... ..... #####


You could see a gnoll.

Vanquished Creatures
  A bat (D:1)
1 creature vanquished.

Notes
Turn   | Place    | Note
-------+----------+-------------------------------------------
     0 | D:1      | hikkokomori the Octopode Conjurer began the quest for the
                  | Orb.
     0 | D:1      | Reached XP level 1. HP: 11/11 MP: 3/3
    73 | D:1      | Slain by a gnoll

Illustrated notes

Levels and vault maps discovered:
D:1:      giann_bridges, layout_basic

Action                   || total
-------------------------++-------
Melee: Unarmed           ||     5
       Constrict         ||     1
       Tentacles         ||     1
 Cast: Magic Dart        ||     6
Dodge: Dodged            ||     2
